[gd_scene load_steps=27 format=3 uid="uid://6ek8r0ktcuyy"]

[ext_resource type="Script" path="res://Scripts/Blocs/Bloc_Manager.gd" id="1_f33ta"]
[ext_resource type="Texture2D" uid="uid://dm660j5esc3ym" path="res://Assets/Sprites/Blocs/Tireur/Tireur_Transformation_F01.png" id="2_0aplk"]
[ext_resource type="PackedScene" uid="uid://dg0mtl1ygxd05" path="res://Assets/Prefab/Actions/Action_Tir.tscn" id="2_5ylbf"]
[ext_resource type="Texture2D" uid="uid://b2yplyb8aue6k" path="res://Assets/Sprites/Blocs/Tireur/Tireur_Transformation_F02.png" id="3_56ntb"]
[ext_resource type="Texture2D" uid="uid://1dduv0mljoe8" path="res://Assets/Sprites/Blocs/Tireur/Tireur_Transformation_F03.png" id="4_kegi4"]
[ext_resource type="PackedScene" uid="uid://ddngkntmm78su" path="res://Assets/Prefab/UI/Preview_Prix.tscn" id="4_ud85x"]
[ext_resource type="Texture2D" uid="uid://dd7m5ai43keru" path="res://Assets/Sprites/Blocs/Tireur/Tireur_Transformation_F04.png" id="5_kxxx4"]
[ext_resource type="Texture2D" uid="uid://cohq851gpb6i2" path="res://Assets/Sprites/Blocs/Tireur/Tireur_Transformation_F05.png" id="6_7usqg"]
[ext_resource type="Texture2D" uid="uid://bhdxtssi1wci1" path="res://Assets/Sprites/Blocs/Tireur/Tireur_Transformation_F06.png" id="7_roe1b"]
[ext_resource type="Texture2D" uid="uid://whr06pepa124" path="res://Assets/Sprites/Blocs/Tireur/Tireur_B_F01.png" id="8_2ib5r"]
[ext_resource type="Texture2D" uid="uid://boycjayrels2i" path="res://Assets/Sprites/Blocs/Tireur/Tireur_Transformation_Fond_Oeil_F01.png" id="8_x4h7m"]
[ext_resource type="Texture2D" uid="uid://bce2kkx7lgo7n" path="res://Assets/Sprites/Blocs/Tireur/Tireur_Transformation_Fond_Oeil_F02.png" id="9_1v1eo"]
[ext_resource type="Texture2D" uid="uid://cq533ua7p721" path="res://Assets/Sprites/Blocs/Tireur/Tireur_B_F02.png" id="9_uejg4"]
[ext_resource type="Texture2D" uid="uid://djk81p5jbcexy" path="res://Assets/Sprites/Blocs/Tireur/Tireur_Transformation_Fond_Oeil_F03.png" id="10_ij77f"]
[ext_resource type="Texture2D" uid="uid://cc4cl88nh0gnx" path="res://Assets/Sprites/Blocs/Tireur/Tireur_B_F03.png" id="10_qbg75"]
[ext_resource type="Texture2D" uid="uid://dh5e3qn7ibow3" path="res://Assets/Sprites/Blocs/Tireur/Tireur_Transformation_Fond_Oeil_F04.png" id="11_lkcbp"]
[ext_resource type="Texture2D" uid="uid://c3yakcsnfuosg" path="res://Assets/Sprites/Blocs/Tireur/Tireur_Transformation_Fond_Oeil_F05.png" id="12_44xo2"]
[ext_resource type="Texture2D" uid="uid://bb18bfshcui7x" path="res://Assets/Sprites/Blocs/Tireur/Tireur_Transformation_Fond_Oeil_F06.png" id="13_nd43f"]
[ext_resource type="PackedScene" uid="uid://drrntm87qamf4" path="res://Assets/Prefab/UI/Upgrade_System.tscn" id="17_nxd2u"]
[ext_resource type="Texture2D" uid="uid://bgrmtjn4fpsb3" path="res://Assets/Sprites/Blocs/Tireur/Yeux_Classique.png" id="19_ewk0h"]

[sub_resource type="Animation" id="Animation_jggfs"]
resource_name = "Apparition"
step = 0.0416667
tracks/0/type = "value"
tracks/0/imported = false
tracks/0/enabled = true
tracks/0/path = NodePath("Tireur_RigidBody2D/Tireur_Sprite2D:texture")
tracks/0/interp = 1
tracks/0/loop_wrap = true
tracks/0/keys = {
"times": PackedFloat32Array(0, 0.125, 0.25, 0.375, 0.5, 0.625),
"transitions": PackedFloat32Array(1, 1, 1, 1, 1, 1),
"update": 1,
"values": [ExtResource("2_0aplk"), ExtResource("3_56ntb"), ExtResource("4_kegi4"), ExtResource("5_kxxx4"), ExtResource("6_7usqg"), ExtResource("7_roe1b")]
}
tracks/1/type = "method"
tracks/1/imported = false
tracks/1/enabled = true
tracks/1/path = NodePath("AnimationPlayer")
tracks/1/interp = 1
tracks/1/loop_wrap = true
tracks/1/keys = {
"times": PackedFloat32Array(0.75),
"transitions": PackedFloat32Array(1),
"values": [{
"args": ["Idle", -1, 1.0, false],
"method": &"play"
}]
}
tracks/2/type = "value"
tracks/2/imported = false
tracks/2/enabled = true
tracks/2/path = NodePath("Tireur_RigidBody2D/Tireur_Fond_Oeil_Sprite2D:texture")
tracks/2/interp = 1
tracks/2/loop_wrap = true
tracks/2/keys = {
"times": PackedFloat32Array(0, 0.125, 0.25, 0.375, 0.5, 0.625),
"transitions": PackedFloat32Array(1, 1, 1, 1, 1, 1),
"update": 1,
"values": [ExtResource("8_x4h7m"), ExtResource("9_1v1eo"), ExtResource("10_ij77f"), ExtResource("11_lkcbp"), ExtResource("12_44xo2"), ExtResource("13_nd43f")]
}
tracks/3/type = "value"
tracks/3/imported = false
tracks/3/enabled = true
tracks/3/path = NodePath("Tireur_RigidBody2D/Action_Tir:position")
tracks/3/interp = 1
tracks/3/loop_wrap = true
tracks/3/keys = {
"times": PackedFloat32Array(0, 0.25),
"transitions": PackedFloat32Array(1, 1),
"update": 0,
"values": [Vector2(0, 0), Vector2(3, -14)]
}
tracks/4/type = "value"
tracks/4/imported = false
tracks/4/enabled = true
tracks/4/path = NodePath("Tireur_RigidBody2D/Action_Tir_2:position")
tracks/4/interp = 1
tracks/4/loop_wrap = true
tracks/4/keys = {
"times": PackedFloat32Array(0, 0.25),
"transitions": PackedFloat32Array(1, 1),
"update": 0,
"values": [Vector2(0, 0), Vector2(3, 17)]
}
tracks/5/type = "value"
tracks/5/imported = false
tracks/5/enabled = true
tracks/5/path = NodePath("Tireur_RigidBody2D/Oeil:position")
tracks/5/interp = 1
tracks/5/loop_wrap = true
tracks/5/keys = {
"times": PackedFloat32Array(0, 0.625001),
"transitions": PackedFloat32Array(1, 1),
"update": 0,
"values": [Vector2(0, 0), Vector2(0, -6)]
}

[sub_resource type="Animation" id="Animation_3u8ce"]
resource_name = "Idle"
length = 0.375004
loop_mode = 1
step = 0.0416667
tracks/0/type = "value"
tracks/0/imported = false
tracks/0/enabled = true
tracks/0/path = NodePath("Tireur_RigidBody2D/Tireur_Sprite2D:texture")
tracks/0/interp = 1
tracks/0/loop_wrap = true
tracks/0/keys = {
"times": PackedFloat32Array(0, 0.125, 0.25),
"transitions": PackedFloat32Array(1, 1, 1),
"update": 1,
"values": [ExtResource("8_2ib5r"), ExtResource("9_uejg4"), ExtResource("10_qbg75")]
}
tracks/1/type = "value"
tracks/1/imported = false
tracks/1/enabled = true
tracks/1/path = NodePath("Tireur_RigidBody2D/Oeil:position")
tracks/1/interp = 1
tracks/1/loop_wrap = true
tracks/1/keys = {
"times": PackedFloat32Array(0),
"transitions": PackedFloat32Array(1),
"update": 0,
"values": [Vector2(0, -6)]
}

[sub_resource type="Animation" id="Animation_j8fse"]
length = 0.001
tracks/0/type = "value"
tracks/0/imported = false
tracks/0/enabled = true
tracks/0/path = NodePath("Tireur_RigidBody2D/Tireur_Sprite2D:texture")
tracks/0/interp = 1
tracks/0/loop_wrap = true
tracks/0/keys = {
"times": PackedFloat32Array(0),
"transitions": PackedFloat32Array(1),
"update": 1,
"values": [ExtResource("2_0aplk")]
}
tracks/1/type = "value"
tracks/1/imported = false
tracks/1/enabled = true
tracks/1/path = NodePath("Tireur_RigidBody2D/Tireur_Fond_Oeil_Sprite2D:texture")
tracks/1/interp = 1
tracks/1/loop_wrap = true
tracks/1/keys = {
"times": PackedFloat32Array(0),
"transitions": PackedFloat32Array(1),
"update": 1,
"values": [ExtResource("8_x4h7m")]
}
tracks/2/type = "value"
tracks/2/imported = false
tracks/2/enabled = true
tracks/2/path = NodePath("Tireur_RigidBody2D/Action_Tir:position")
tracks/2/interp = 1
tracks/2/loop_wrap = true
tracks/2/keys = {
"times": PackedFloat32Array(0),
"transitions": PackedFloat32Array(1),
"update": 0,
"values": [Vector2(3, -14)]
}
tracks/3/type = "value"
tracks/3/imported = false
tracks/3/enabled = true
tracks/3/path = NodePath("Tireur_RigidBody2D/Action_Tir_2:position")
tracks/3/interp = 1
tracks/3/loop_wrap = true
tracks/3/keys = {
"times": PackedFloat32Array(0),
"transitions": PackedFloat32Array(1),
"update": 0,
"values": [Vector2(3, 17)]
}
tracks/4/type = "value"
tracks/4/imported = false
tracks/4/enabled = true
tracks/4/path = NodePath("Tireur_RigidBody2D/Oeil:position")
tracks/4/interp = 1
tracks/4/loop_wrap = true
tracks/4/keys = {
"times": PackedFloat32Array(0),
"transitions": PackedFloat32Array(1),
"update": 0,
"values": [Vector2(0, 0)]
}

[sub_resource type="AnimationLibrary" id="AnimationLibrary_83yjc"]
_data = {
"Apparition": SubResource("Animation_jggfs"),
"Idle": SubResource("Animation_3u8ce"),
"RESET": SubResource("Animation_j8fse")
}

[sub_resource type="PhysicsMaterial" id="PhysicsMaterial_648bc"]
absorbent = true

[sub_resource type="RectangleShape2D" id="RectangleShape2D_3np7j"]
size = Vector2(68, 68)

[node name="Tireur" type="Node2D"]
script = ExtResource("1_f33ta")
metadata/Type = "Tireur_B"
metadata/Upgradable = true

[node name="AnimationPlayer" type="AnimationPlayer" parent="."]
libraries = {
"": SubResource("AnimationLibrary_83yjc")
}

[node name="Tireur_RigidBody2D" type="RigidBody2D" parent="."]
physics_material_override = SubResource("PhysicsMaterial_648bc")
continuous_cd = 2

[node name="Upgrade_System" parent="Tireur_RigidBody2D" instance=ExtResource("17_nxd2u")]
offset_left = -21.0
offset_top = -20.0
offset_right = 19.0
offset_bottom = 20.0

[node name="Action_Tir" parent="Tireur_RigidBody2D" instance=ExtResource("2_5ylbf")]
position = Vector2(3, -14)

[node name="Action_Tir_2" parent="Tireur_RigidBody2D" node_paths=PackedStringArray("marker_Origine", "marker_Destination") instance=ExtResource("2_5ylbf")]
position = Vector2(3, 17)
marker_Origine = NodePath("../Action_Tir/Origine")
marker_Destination = NodePath("../Action_Tir/Destination")

[node name="Tireur_Fond_Oeil_Sprite2D" type="Sprite2D" parent="Tireur_RigidBody2D"]
scale = Vector2(0.3, 0.3)
texture = ExtResource("8_x4h7m")

[node name="Oeil" type="Sprite2D" parent="Tireur_RigidBody2D"]
scale = Vector2(0.3, 0.3)
texture = ExtResource("19_ewk0h")
metadata/Sprite = "Oeil"

[node name="Tireur_Sprite2D" type="Sprite2D" parent="Tireur_RigidBody2D"]
scale = Vector2(0.3, 0.3)
texture = ExtResource("2_0aplk")
metadata/Sprite = "Bloc"

[node name="Tireur_CollisionShape2D" type="CollisionShape2D" parent="Tireur_RigidBody2D"]
shape = SubResource("RectangleShape2D_3np7j")

[node name="Preview_Prix" parent="." instance=ExtResource("4_ud85x")]
offset_left = -44.0
offset_top = -112.0
offset_right = -4.0
offset_bottom = -92.0
